 Dungeon Crawl Stone Soup version 0.21-a0-372-gd0ff781 (webtiles) character file.

130 grizmgrazm2 the Twirler (level 4, 0/34 HPs)
             Began as a Demonspawn Gladiator on Oct 16, 2017.
             Slain by an orc
             ... wielding a +0 whip
              (2 damage)
             ... on level 3 of the Dungeon.
             The game lasted 00:04:48 (1866 turns).

grizmgrazm2 the Twirler (Demonspawn Gladiator)      Turns: 1866, Time: 00:04:49

Health: 0/34       AC:  7    Str: 15    XL:     4   Next: 89%
Magic:  4/4        EV: 13    Int: 10    God:
Gold:   171        SH:  0    Dex: 14    Spells: 3/3 levels left

rFire    x . .     SeeInvis .   a - +0 quarterstaff
rCold    + . .     Gourm    .   (shield currently unavailable)
rNeg     . . .     Faith    .   b - +0 leather armour
rPois    .         Spirit   .   c - +0 helmet
rElec    .         Reflect  .   (no cloak)
rCorr    .         Harm     .   (no gloves)
MR       .....                  (no boots)
Stlth    +.........             (no amulet)
HPRegen  0.11/turn              r - ring of ice
MPRegen  0.09/turn              (no ring)

@: no status effects
A: claws 1, yellow scales 2
a: no special abilities


You were on level 3 of the Dungeon.
You were not hungry.

You visited 1 branch of the dungeon, and saw 3 of its levels.

You collected 171 gold pieces.

Inventory:

Hand Weapons
 a - a +0 quarterstaff (weapon)
Missiles
 d - 3 throwing nets (quivered)
Armour
 b - a +0 leather armour (worn)
 c - a +0 helmet (worn)
Jewellery
 r - a ring of ice (left claw)
Scrolls
 i - 2 scrolls of identify
 m - a scroll of recharging {unknown}
 o - 4 scrolls of fear {unknown}
 p - a scroll of teleportation {unknown}
 q - 2 scrolls of noise {unknown}
Potions
 e - a potion of agility
 h - 2 potions of curing
 j - a potion of flight
 k - a potion of brilliance
 n - a potion of resistance
Comestibles
 f - a bread ration
 g - 2 meat rations
 s - 2 royal jellies
 t - 2 chunks of flesh


   Skills:
 + Level 2.4 Fighting
 + Level 4.0 Staves
 + Level 1.8 Throwing
 + Level 1.2 Armour
 + Level 3.3 Dodging
 + Level 0.7 Stealth


You had 3 spell levels left.
You didn't know any spells.

Dungeon Overview and Level Annotations

Branches:
Dungeon (3/15)

Altars:
Vehumet
Wu Jian

Annotations:
D:3 Grinder


Innate Abilities, Weirdness & Mutations

You have sharp fingernails.
You are mostly covered in yellow scales. (AC +3)


Message History

Grinder is lightly wounded.
Grinder gestures at you.
You suddenly lose the ability to move!
The orc hits you but does no damage. Grinder hits you.
You writhe in agony.
The orc hits you but does no damage. Grinder gestures at you.
Pain shoots through your body!
* * * LOW HITPOINT WARNING * * *
The orc barely misses you.
Grinder blinks!
The orc hits you with a whip.
* * * LOW HITPOINT WARNING * * *
The orc hits you but does no damage.
You can move again.
The orc closely misses you. Grinder closely misses you.
There is a stone staircase leading down here.
As you read the scroll labeled CIK PEHIC GESOI, it crumbles to dust.
You feel aware of your surroundings.
You sensed 4 altars.
It was a scroll of magic mapping.
The orc hits you with a whip.
You die...

########### #......%..#
######.........#
#...##...!.....#
#...##.........#
#########....(.........#
..(.........##.5o......#
.########...##..@......#
## #...##.........# #
#...############ # #####


You could see Grinder and an orc.

Vanquished Creatures
  The ghost of p0werm0de the Skirmisher, a weakling GrCK of Xom (D:3)
  2 adders
  A gnoll (D:1)
  2 oozes
  2 worms (D:2)
  4 dart slugs
  3 leopard geckos
  12 bats
  3 giant cockroaches
  6 hobgoblins
  2 jackals (D:2)
  3 quokkas
  2 ball pythons
  7 frilled lizards
  3 goblins
  7 kobolds
  6 rats
66 creatures vanquished.

Notes
Turn   | Place    | Note
-------+----------+-------------------------------------------
     0 | D:1      | grizmgrazm2 the Demonspawn Gladiator began the quest for the Orb.
     0 | D:1      | Reached XP level 1. HP: 16/16 MP: 1/1
   125 | D:1      | Reached skill level 3 in Staves
   125 | D:1      | Gained mutation: You are partially covered in yellow scales. (AC +2) [demonic ancestry]
   125 | D:1      | Reached XP level 2. HP: 7/22 MP: 2/2
   712 | D:1      | Gained mutation: You have sharp fingernails. [demonic ancestry]
   712 | D:1      | Reached XP level 3. HP: 27/27 MP: 3/3
  1061 | D:2      | Reached skill level 1 in Armour
  1181 | D:2      | Found an ornate altar of the Wu Jian Council.
  1273 | D:2      | Gained mutation: You are mostly covered in yellow scales. (AC +3) [demonic ancestry]
  1273 | D:2      | Reached XP level 4. HP: 28/34 MP: 4/4
  1352 | D:2      | Found a radiant altar of Vehumet.
  1692 | D:3      | Noticed p0werm0de's ghost (weakling GrCK)
  1709 | D:3      | Killed p0werm0de's ghost
  1735 | D:3      | Reached skill level 4 in Staves
  1849 | D:3      | Noticed Grinder
  1850 | D:3      | Paralysed by Grinder for 7 turns
  1858 | D:3      | Paralysed by Grinder for 5 turns
  1861 | D:3      | HP: 1/34 [orc/whip (1)]
  1866 | D:3      | Slain by an orc

Vault maps used:
D:1:      roderic_octagonal_star
D:2:      overflow_temple_1_default, lemuel_round_altar
D:3:      grunt_temple_overflow_cloverleaf, uniq_grinder

Skill      XL: |  1  2  3  4 |
---------------+-------------+-----
Staves         | 3 4 |  4.0
Dodging        | 3 |  3.3
Armour         | 1 |  1.2
Fighting       | |  2.4
Throwing       | |  1.8
Stealth        | |  0.7

Action                   |  1- 3 |  4- 6 || total
-------------------------+-------+-------++-------
Melee: Quarterstaff      |   126 |    62 ||   188
  Use: Scroll            |       |     7 ||     7
 Stab: Sleeping          |     3 |       ||     3
  Eat: Chunk             |     1 |     2 ||     3
Armor: Leather armour    |    34 |    28 ||    62
Dodge: Dodged            |   118 |    53 ||   171

Table legend:
 A = Spawn XP
 B = Non-spawn XP
 C = Spawn XP percentage of total XP
 D = Spawn monster count
 E = Non-spawn monster count
 F = Spawn count percentage of total count
 G = Total turns spent on level
                    A         B        C        D         E        F      G
               +---------+---------+-------+---------+---------+-------+---------
         Total |       0 |     186 |   0.0 |       0 |      66 |   0.0 |  1866
               +---------+---------+-------+---------+---------+-------+---------
           D:1 |       0 |      47 |   0.0 |       0 |      21 |   0.0 |   988
           D:2 |       0 |      72 |   0.0 |       0 |      28 |   0.0 |   615
           D:3 |       0 |      67 |   0.0 |       0 |      17 |   0.0 |   263
               +---------+---------+-------+---------+---------+-------+---------
